 Dungeon Crawl Stone Soup version 0.28-a0-796-gd4f0d3f9b2 (webtiles) character file.

Game seed: 13613378641244325771

36145 Gargoyl the Fighter (level 13, -4/115 HPs)
             Began as a Gnoll Abyssal Knight on Nov 6, 2021.
             Was an Elder of Lugonu.
             Slain by a five-headed hydra (10 damage)
             ... on level 5 of the Lair of Beasts.
             The game lasted 00:23:41 (16325 turns).

Gargoyl the Fighter (Gnoll Abyssal Knight)         Turns: 16325, Time: 00:23:42

Health: -4/115     AC: 18    Str: 22    XL:     13   Next: 88%
Magic:  34/34      EV: 11    Int:  4    God:    Lugonu [****..]
Gold:   1930       SH:  6    Dex: 13    Spells: 29/29 levels left

rFire   . . .      SeeInvis .   D - +5 scimitar (flame)
rCold   + + +      Faith    .   A - +0 buckler
rNeg    + . .      Spirit   .   m - +0 chain mail {rC+}
rPois   +          Reflect  .   (no helmet)
rElec   .          Harm     .   x - +1 cloak
rCorr   +          Rampage  .   t - +0 pair of gloves
Will    .....                   J - +2 pair of boots "Hero's Friend" {rN+ Regen+ Int-5 Slay+3}
Stlth   +.........              i - amulet of regeneration
HPRegen 2.29/turn               M - ring "Ilimox" {rPois rC+ MP+9}
MPRegen 0.24/turn               L - ring "Obypn" {rC+ rCorr Str+2}

@: no status effects
A: fangs 1, strong nose, distributed training, hooves 1, robust 1, strong 1
a: Renounce Religion, Depart the Abyss, Bend Space, Banish, Corrupt


You were on level 5 of the Lair of Beasts.
You worshipped Lugonu.
Lugonu was greatly pleased with you.
You visited 2 branches of the dungeon, and saw 14 of its levels.
You visited the Abyss 1 time.
You also visited: Gauntlet.

You collected 2165 gold pieces.
You spent 235 gold pieces at shops.

Inventory:

Hand Weapons
 a - a +1 hand axe of venom
 d - the +8 long sword "Ywkun" {vorpal, rF+ rC- Str+3 Int+4}
   (You found it on level 2 of the Abyss)

   It inflicts extra damage upon your enemies.
   Str:       It affects your strength (+3).
   Int:       It affects your intelligence (+4).
   rF:        It protects you from fire.
   rC:        It makes you vulnerable to cold.
 l - the +0 trident of Bodily Harmony {freeze, rPois rN+ Str+3 Int-5}
   (You found it on level 5 of the Dungeon)

   It freezes those it strikes, dealing additional cold damage.
   It can also slow down cold-blooded creatures.
   Str:       It affects your strength (+3).
   Int:       It affects your intelligence (-5).
   rPois:     It protects you from poison.
   rN:        It protects you from negative energy.
 D - a +5 scimitar of flaming (weapon)
 K - a +1 vorpal broad axe
 P - the +4 battleaxe of Zamogung {vorpal, Contam rPois rCorr Stlth+}
   (You found it in a Gauntlet)

   It inflicts extra damage upon your enemies.
   rPois:     It protects you from poison.
   Contam:    It causes magical contamination when unequipped.
   rCorr:     It protects you from acid and corrosion.
   Stlth:     It makes you more stealthy.
Missiles
 f - 4 throwing nets
 n - 41 poisoned darts (quivered)
Armour
 m - a +0 chain mail of cold resistance (worn)
 t - a +0 pair of gloves (worn)
 x - a +1 cloak (worn)
 A - a +0 buckler (worn)
 J - the +2 pair of boots "Hero's Friend" (worn) {rN+ Regen+ Int-5 Slay+3}
   (You found it in a Gauntlet)

   Int:       It affects your intelligence (-5).
   Slay:      It affects your accuracy & damage with ranged weapons and melee
   (+3).
   rN:        It protects you from negative energy.
   Regen:     It increases your rate of health regeneration.
Jewellery
 i - an amulet of regeneration (around neck)
 p - a ring of resist corrosion
 L - the ring "Obypn" (right hand) {rC+ rCorr Str+2}
   (You found it in a Gauntlet)

   [ring of resist corrosion]

   Str:       It affects your strength (+2).
   rC:        It protects you from cold.
   rCorr:     It protects you from acid and corrosion.
 M - the ring "Ilimox" (left hand) {rPois rC+ MP+9}
   (You found it in a Gauntlet)

   [ring of magical power]

   rC:        It protects you from cold.
   rPois:     It protects you from poison.
   MP:        It affects your magic capacity (+9).
Wands
 c - a wand of mindburst (10)
 q - a wand of paralysis (20)
 s - a wand of charming (27)
 u - a wand of flame (29)
 y - a wand of acid (7)
 z - a wand of polymorph (7)
 F - a wand of iceblast (6)
 Q - a wand of digging (5)
Scrolls
 h - 10 scrolls of teleportation
 G - a scroll of magic mapping
 H - a scroll of fear
Potions
 b - 5 potions of brilliance
 e - 5 potions of haste
 g - 2 potions of magic
 k - 4 potions of heal wounds
 o - a potion of cancellation
 r - a potion of ambrosia
 v - 2 potions of mutation
 w - 2 potions of lignification
 B - a potion of flight
 C - a potion of attraction {unknown}
 E - a potion of curing
 I - a potion of might {unknown}
Miscellaneous
 j - a box of beasts


   Skills:
 + Level 10.9 Fighting
 + Level 8.7 Short Blades
 + Level 8.7 Long Blades
 + Level 9.9 Axes
 + Level 8.7 Maces & Flails
 + Level 8.7 Polearms
 + Level 8.7 Staves
 + Level 8.7 Slings
 + Level 8.7 Bows
 + Level 8.7 Crossbows
 + Level 8.7 Throwing
 + Level 9.9 Armour
 + Level 9.1 Dodging
 + Level 8.7 Stealth
 + Level 8.7 Shields
 + Level 8.7 Unarmed Combat
 + Level 8.7 Spellcasting
 + Level 7.2 Conjurations
 + Level 7.2 Hexes
 + Level 7.2 Summonings
 + Level 7.2 Necromancy
 + Level 7.2 Translocations
 + Level 7.2 Transmutations
 + Level 7.2 Fire Magic
 + Level 7.2 Ice Magic
 + Level 7.2 Air Magic
 + Level 7.2 Earth Magic
 + Level 7.2 Poison Magic
 + Level 10.5 Invocations
 + Level 8.7 Evocations


You had 29 spell levels left.
You didn't know any spells.
Your spell library contained the following spells:

 Spells                   Type           Power      Damage    Failure   Level
 Apportation              Tloc           14%        N/A       8%          1
 Foxfire                  Conj/Fire      28%        2x1d5     8%          1
 Summon Small Mammal      Summ           28%        N/A       8%          1
 Blink                    Tloc           14%        N/A       11%         2
 Static Discharge         Conj/Air       7%         N/A       11%         2
 Sublimation of Blood     Necr           7%         N/A       11%         2
 Call Canine Familiar     Summ           7%         N/A       22%         3
 Conjure Flame            Conj/Fire      7%         6-21      22%         3
 Inner Flame              Hex/Fire       7%         N/A       22%         3
 Ozocubu's Armour         Ice            7%         N/A       22%         3
 Portal Projectile        Hex/Tloc       14%        N/A       22%         3
 Stone Arrow              Conj/Erth      14%        3d7       22%         3
 Summon Guardian Golem    Hex/Summ       7%         N/A       22%         3
 Animate Armour           Summ/Erth      14%        N/A       58%         4
 Dispel Undead            Necr           7%         3d8       58%         4
 Flame Wave               Conj/Fire      7%         3d4       58%         4
 Sticky Flame             Conj/Fire      7%         2d3       58%         4
 Ozocubu's Refrigeration  Ice            3%         4d5       100%        7
 Lehudib's Crystal Spear  Conj/Erth      3%         10d3      100%        8


Dungeon Overview and Level Annotations

Branches:
Dungeon (9/15)             Temple (0/1) D:4            Lair (5/6) D:9
 Shoals (0/4) Lair:4        Snake (0/4) Lair:3      Gauntlet (visited)
  Slime: Lair:5-6       Orc: D:9-12

Altars:
Dithmenos
Fedhas
Kikubaaqudgha
Makhleb
Nemelex Xobeh
Okawaru
Ru
Sif Muna
Uskayaw
Wu Jian
Xom
Yredelemnul
Zin

Shops:
D:1 ?   D:7 *


Innate Abilities, Weirdness & Mutations

You have very sharp teeth.
Your uncanny sense of smell can sniff out nearby items.
Your experience applies equally to all skills.
You have large cloven feet.
You are robust. (+10% HP)
Your muscles are strong. (Str +2)


Message History

You block the basilisk zombie's attack. The necromancer casts a spell at you.
You struggle to resist.
The seven-headed hydra bites you but does no damage. x2
The seven-headed hydra bites you. The seven-headed hydra bites you!
The seven-headed hydra closely misses you.
The seven-headed hydra bites you! The seven-headed hydra bites you.
You slice one of the seven-headed hydra's heads off!
The flame cauterises the wound!
You slash the six-headed hydra! You burn the six-headed hydra.
You bite the six-headed hydra.
The six-headed hydra is severely wounded.
The necromancer hits you but does no damage.
The basilisk zombie bites you.
* * * LOW HITPOINT WARNING * * *
The six-headed hydra barely misses you. x2
The six-headed hydra bites you but does no damage. x2
The six-headed hydra completely misses you.
The six-headed hydra barely misses you.
You barely miss the six-headed hydra. You bite the six-headed hydra.
The six-headed hydra is severely wounded.
You block the necromancer's attack. The six-headed hydra bites you!
* * * LOW HITPOINT WARNING * * *
The six-headed hydra bites you.
* * * LOW HITPOINT WARNING * * *
The six-headed hydra closely misses you.
The six-headed hydra bites you but does no damage. x3
The basilisk zombie barely misses you.
You slice one of the six-headed hydra's heads off!
The flame cauterises the wound!
You slash the five-headed hydra! You burn the five-headed hydra.
The five-headed hydra is almost dead.
The necromancer casts a spell at you.
Your body is wracked with pain!
* * * LOW HITPOINT WARNING * * *
You block the five-headed hydra's attack.
The five-headed hydra bites you but does no damage.
The five-headed hydra bites you!
* * * LOW HITPOINT WARNING * * *
The five-headed hydra misses you. The five-headed hydra bites you!
You die...

.......≈≈≈≈≈≈...≈≈≈≈#####........
.....≈≈≈≈≈≈≈≈≈..†≈≈≈≈≈...#.......
...#≈≈≈≈≈≈≈≈≈≈≈..≈≈≈≈≈..^........
.≈#≈≈≈≈≈≈≈≈≈≈≈.(.≈≈≈≈≈≈≈..P......
.≈≈≈≈≈≈≈≈≈≈≈≈..≈..≈≈≈≈≈≈≈≈#....##
.≈≈≈≈≈≈≈≈≈≈≈..≈≈≈..≈≈≈≈≈≈≈≈≈..##
.≈≈≈≈≈≈≈≈≈....≈≈....≈≈≈≈≈≈≈≈≈##
≈≈≈≈≈≈≈≈≈...........≈≈≈≈≈≈≈≈≈≈# #
≈≈≈≈≈≈≈≈.#######@##..≈≈≈≈≈≈≈≈≈###
≈≈≈≈≈≈≈≈.# ∆∆∆#ZDp#..≈≈≈≈≈≈≈≈≈≈.P
.≈≈≈≈≈≈≈.# #.Z.#..≈≈≈≈≈≈≈≈≈...
.≈≈≈≈≈≈≈.# +...#..≈≈≈≈≈≈≈≈..P#
.≈≈≈≈≈≈≈.##########.≈≈≈≈≈≈≈≈≈..##
.≈##≈≈≈≈≈..........≈≈≈≈≈≈≈≈≈≈.##
.##≈†≈≈≈≈≈≈≈≈≈≈≈≈≈≈≈≈≈≈≈≈≈≈.≈.#
.#......≈≈≈≈≈≈≈≈≈≈≈≈≈≈≈≈≈≈..#.#
.........##..≈≈≈≈≈≈≈≈≈........##


You could see a five-headed hydra (soul bound), a necromancer and 2 basilisk
zombies.

Vanquished Creatures
  Erica (D:8)
  2 death scarabs (Gauntlet)
  5 death yaks
  A spectral death yak (Gauntlet)
  2 obsidian statues (Gauntlet)
  2 ugly things (Gauntlet)
  3 elephants (Gauntlet)
  Joseph (D:7)
  2 merfolk sirens (Lair:4)
  3 black mambas
  9 cane toads
  2 rime drakes (Lair:1)
  9 komodo dragons
  An efreet (Gauntlet)
  A merfolk (Lair:4)
  A troll (D:8)
  Prince Ribbit (D:8)
  3 polar bears
  4 dream sheep (Lair:5)
  11 blink frogs
  The ghost of Glokmah the Firebug, an amateur KoFE of the Shining One (D:4)
  2 fire elementals (Gauntlet)
  A spectral komodo dragon (Gauntlet)
  3 wyverns
  37 yaks
  A steam dragon (D:7)
  5 basilisks
  Menkaure (D:4)
  A spectral cane toad (Gauntlet)
  2 nagas (Lair:3)
  3 hell hounds (Gauntlet)
  Duvessa (D:6)
  16 water moccasins
  3 orc warriors
  2 necrophages
  4 black bears
  2 ice beasts
  A sky beast (D:5)
  A spectral torpor snail (Gauntlet)
  2 ogres (D:6)
  14 wolves
  2 centaurs
  A phantom (D:5)
  Blork the orc (D:6)
  A kobold brigand (D:9)
  6 bullfrogs
  2 gnoll sergeants
  Dowan (D:6)
  A scorpion (D:4)
  2 wyvern skeletons
  A killer bee (D:8)
  9 wights
  5 electric eels
  2 howler monkeys (D:7)
  4 centaur zombies
  4 hounds
  4 orc priests
  A gnoll shaman (D:7)
  An iguana (D:7)
  Crazy Yiuf (D:7)
  Terence (D:2)
  10 orc wizards
  The ghost of Prsk the Covert, a weakling GnDe (D:4)
  A howler monkey zombie (D:8)
  18 gnolls
  2 howler monkey skeletons
  4 adders
  A white imp (D:7)
  3 ufetubi (D:5)
  A worm (D:2)
  2 dart slugs
  24 orcs
  2 bats
  6 endoplasms
  5 giant cockroaches
  9 goblins
  6 hobgoblins
  4 jackals (D:1)
  6 kobolds
  7 quokkas
  6 ball pythons
  3 frilled lizards
  2 rats (D:3)
  A spectral orc (D:4)
341 creatures vanquished.

Vanquished Creatures (others)
  A minotaur (Gauntlet)
  A great orb of eyes (Gauntlet)
  An orc wizard (D:8)
  19 fungi
  77 plants
  2 starspawn tentacles (Gauntlet)
101 creatures vanquished.

Grand Total: 442 creatures vanquished

Notes
Turn   | Place    | Note
-------+----------+-------------------------------------------
     0 | Abyss:1  | Gargoyl the Gnoll Abyssal Knight began the quest for the
                  | Orb.
     0 | Abyss:1  | Reached XP level 1. HP: 23/23 MP: 3/3
    72 | Abyss:2  | Identified the +8 long sword "Ywkun" {vorpal, rF+ rC- Str+3
                  | Int+4}
    89 | Abyss:2  | Noticed a vampire
    90 | D:1      | Escaped the Abyss
   219 | D:1      | Reached * piety under Lugonu
   338 | D:1      | Reached XP level 2. HP: 24/29 MP: 5/5
   866 | D:1      | Found a faded altar of an unknown god.
   868 | D:1      | Noticed a floating eye
   868 | D:1      | Noticed a floating eye
   869 | D:1      | Noticed an eye of devastation
   869 | D:1      | Noticed a shining eye
   879 | D:1      | Reached XP level 3. HP: 33/35 MP: 6/6
   905 | D:1      | Found Fetiq's Magic Scroll Shoppe.
   918 | D:1      | Bought a scroll of teleportation for 36 gold pieces
  1392 | D:2      | Noticed Terence
  1401 | D:2      | Killed Terence
  1402 | D:2      | Reached skill level 1 in Short Blades
  1402 | D:2      | Reached skill level 1 in Long Blades
  1402 | D:2      | Reached skill level 1 in Maces & Flails
  1402 | D:2      | Reached skill level 1 in Polearms
  1402 | D:2      | Reached skill level 1 in Staves
  1402 | D:2      | Reached skill level 1 in Slings
  1402 | D:2      | Reached skill level 1 in Bows
  1402 | D:2      | Reached skill level 1 in Crossbows
  1402 | D:2      | Reached skill level 1 in Throwing
  1402 | D:2      | Reached skill level 1 in Stealth
  1402 | D:2      | Reached skill level 1 in Shields
  1402 | D:2      | Reached skill level 1 in Unarmed Combat
  1402 | D:2      | Reached skill level 1 in Spellcasting
  1402 | D:2      | Reached skill level 1 in Evocations
  1489 | D:2      | Gained mutation: You have large cloven feet. [potion of
                  | mutation]
  1489 | D:2      | Gained mutation: Your muscles are strong. (Str +2) [potion
                  | of mutation]
  1489 | D:2      | Gained mutation: You are robust. (+10% HP) [potion of
                  | mutation]
  1549 | D:2      | Reached XP level 4. HP: 42/45 MP: 7/7
  2560 | D:3      | Noticed a necrophage
  2564 | D:3      | Killed a necrophage
  2565 | D:3      | Reached skill level 1 in Conjurations
  2565 | D:3      | Reached skill level 1 in Hexes
  2565 | D:3      | Reached skill level 1 in Summonings
  2565 | D:3      | Reached skill level 1 in Necromancy
  2565 | D:3      | Reached skill level 1 in Translocations
  2565 | D:3      | Reached skill level 1 in Transmutations
  2565 | D:3      | Reached skill level 1 in Fire Magic
  2565 | D:3      | Reached skill level 1 in Ice Magic
  2565 | D:3      | Reached skill level 1 in Air Magic
  2565 | D:3      | Reached skill level 1 in Earth Magic
  2565 | D:3      | Reached skill level 1 in Poison Magic
  2565 | D:3      | Reached XP level 5. HP: 44/51 MP: 8/8
  2648 | D:3      | Reached ** piety under Lugonu
  2654 | D:3      | Reached skill level 5 in Invocations
  2654 | D:3      | Reached XP level 6. HP: 52/58 MP: 9/9
  2833 | D:3      | Found a shimmering blue altar of Sif Muna.
  3355 | D:4      | Noticed a necrophage
  3362 | D:4      | Killed a necrophage
  3363 | D:4      | Reached skill level 5 in Axes
  3363 | D:4      | Reached skill level 5 in Armour
  3442 | D:4      | Reached XP level 7. HP: 30/64 MP: 10/10
  3851 | D:4      | Found a runed translucent gate.
  3851 | D:4      | Found a runed translucent gate.
  3851 | D:4      | Found a runed translucent gate.
  3852 | D:4      | Noticed Prsk's ghost (weakling GnDe)
  3853 | D:4      | Noticed Glokmah's ghost (amateur KoFE)
  4046 | D:4      | Found a staircase to the Ecumenical Temple.
  4094 | D:4      | Noticed Menkaure
  4104 | D:4      | Killed Menkaure
  4374 | D:4      | Found a hide-covered altar of Uskayaw.
  4465 | D:4      | Found a burning altar of Makhleb.
  4604 | D:4      | Found a basalt altar of Yredelemnul.
  4880 | D:4      | Killed Prsk's ghost
  4888 | D:4      | Killed Glokmah's ghost
  4889 | D:4      | Reached XP level 8. HP: 69/73 MP: 12/12
  4973 | D:5      | Entered Level 5 of the Dungeon
  5157 | D:5      | Found a sacrificial altar of Ru.
  5160 | D:5      | Identified the +0 trident of Bodily Harmony {freeze, rPois
                  | rN+ Str+3 Int-5}
  5209 | D:5      | Reached *** piety under Lugonu
  5562 | D:5      | Found an iron altar of Okawaru.
  6686 | D:6      | Noticed Blork the orc
  6696 | D:6      | Killed Blork the orc
  6697 | D:6      | Reached XP level 9. HP: 56/79 MP: 14/14
  6814 | D:6      | Identified a scroll of acquirement
  6814 | D:6      | Acquired an amulet of regeneration
  7305 | D:6      | Noticed Dowan
  7306 | D:6      | Noticed Duvessa
  7314 | D:6      | Killed Duvessa
  7318 | D:6      | Killed Dowan
  7489 | D:6      | Found a basalt altar of Yredelemnul.
  7491 | D:6      | Found a basalt altar of Yredelemnul.
  7491 | D:6      | Found a shimmering blue altar of Sif Muna.
  7493 | D:6      | Found a shimmering altar of Xom.
  7493 | D:6      | Found a shimmering altar of Xom.
  7493 | D:6      | Found a shimmering blue altar of Sif Muna.
  7682 | D:7      | Reached skill level 5 in Dodging
  7839 | D:7      | Noticed Joseph
  7856 | D:7      | Killed Joseph
  7981 | D:7      | Found a runed translucent door.
  7982 | D:7      | Noticed Crazy Yiuf
  7987 | D:7      | Killed Crazy Yiuf
  8237 | D:7      | Found Dukuampogh's Assorted Antiques.
  8242 | D:7      | Bought a crude chain mail for 199 gold pieces
  8242 | D:7      | Identified the +5 chain mail "Viom" {Fly Int+3} (You bought
                  | it in a shop on level 7 of the Dungeon)
  8666 | D:8      | Found a sparkling altar of Nemelex Xobeh.
  8689 | D:8      | Reached XP level 10. HP: 82/85 MP: 17/17
  8692 | D:8      | Found a blossoming altar of Fedhas.
  8752 | D:8      | Noticed Prince Ribbit
  8754 | D:8      | Found an ancient bone altar of Kikubaaqudgha.
  8760 | D:8      | Killed Prince Ribbit
  8760 | D:8      | Reached **** piety under Lugonu
  8761 | D:8      | Reached skill level 5 in Short Blades
  8761 | D:8      | Reached skill level 5 in Long Blades
  8761 | D:8      | Reached skill level 5 in Maces & Flails
  8761 | D:8      | Reached skill level 5 in Polearms
  8761 | D:8      | Reached skill level 5 in Staves
  8761 | D:8      | Reached skill level 5 in Slings
  8761 | D:8      | Reached skill level 5 in Bows
  8761 | D:8      | Reached skill level 5 in Crossbows
  8761 | D:8      | Reached skill level 5 in Throwing
  8761 | D:8      | Reached skill level 5 in Stealth
  8761 | D:8      | Reached skill level 5 in Shields
  8761 | D:8      | Reached skill level 5 in Unarmed Combat
  8761 | D:8      | Reached skill level 5 in Spellcasting
  8761 | D:8      | Reached skill level 5 in Evocations
  8834 | D:8      | Noticed Erica
  8849 | D:8      | Killed Erica
  8960 | D:8      | Paralysed by a hornet for 2 turns
  9021 | D:8      | Found an ornate altar of the Wu Jian Council.
  9524 | D:9      | Found a staircase to the Lair.
  9577 | D:9      | Found a shadowy altar of Dithmenos.
  9669 | D:9      | Found a glowing silver altar of Zin.
 10113 | Lair:1   | Entered Level 1 of the Lair of Beasts
 10227 | Lair:1   | Noticed a cane toad
 10237 | Lair:1   | Killed a cane toad
 10263 | Lair:1   | Noticed a cane toad
 10273 | Lair:1   | Banished a cane toad
 10274 | Lair:1   | Reached XP level 11. HP: 34/95 MP: 10/19
 10337 | Lair:1   | Found a shimmering altar of Xom.
 10465 | Lair:1   | Reached skill level 5 in Conjurations
 10465 | Lair:1   | Reached skill level 5 in Hexes
 10465 | Lair:1   | Reached skill level 5 in Summonings
 10465 | Lair:1   | Reached skill level 5 in Necromancy
 10465 | Lair:1   | Reached skill level 5 in Translocations
 10465 | Lair:1   | Reached skill level 5 in Transmutations
 10465 | Lair:1   | Reached skill level 5 in Fire Magic
 10465 | Lair:1   | Reached skill level 5 in Ice Magic
 10465 | Lair:1   | Reached skill level 5 in Air Magic
 10465 | Lair:1   | Reached skill level 5 in Earth Magic
 10465 | Lair:1   | Reached skill level 5 in Poison Magic
 12248 | Lair:2   | Reached XP level 12. HP: 65/105 MP: 22/22
 12902 | Lair:3   | Noticed a death yak
 13012 | Lair:1   | Killed a death yak
 13082 | Lair:3   | Found a staircase to the Snake Pit.
 13266 | Lair:3   | HP: 5/106 [komodo dragon (26)]
 13267 | Lair:3   | HP: 1/106 [komodo dragon (5)]
 13420 | Lair:3   | Reached skill level 10 in Fighting
 13922 | Lair:4   | Noticed a death yak
 13922 | Lair:4   | Noticed a death yak
 13923 | Lair:4   | Noticed a death yak
 13924 | Lair:4   | Noticed a death yak
 13933 | Lair:4   | Found a gate leading to a gauntlet.
 13942 | Gauntlet | Entered a Gauntlet
 13942 | Gauntlet | Found a transporter.
 13945 | Gauntlet | Found a transporter.
 13948 | Gauntlet | Found a transporter.
 13948 | Gauntlet | Found a transporter.
 13948 | Gauntlet | Noticed a dire elephant
 13951 | Gauntlet | Found a transporter.
 13952 | Gauntlet | Found a transporter.
 13967 | Gauntlet | Found a transporter.
 13968 | Gauntlet | Found a transporter.
 13974 | Gauntlet | Noticed a great orb of eyes
 13992 | Gauntlet | Corrupted Gauntlet
 13992 | Gauntlet | Noticed a tentacled starspawn
 13994 | Gauntlet | Noticed a great orb of eyes
 14004 | Gauntlet | Killed a great orb of eyes
 14004 | Gauntlet | Killed a minotaur
 14035 | Gauntlet | Banished a dire elephant
 14057 | Gauntlet | Noticed a lich
 14058 | Gauntlet | Identified the -2 helmet of Hubris {+Inv Str+3}
 14076 | Gauntlet | Got Omeovogo's Catalogue of Translocation and Sinister
                  | Rituals
 14307 | Gauntlet | Reached XP level 13. HP: 71/113 MP: 24/24
 14385 | Gauntlet | Identified the +0 hat of Philately {*Corrode rN+ Dex+5
                  | SInv}
 14412 | Gauntlet | Identified the +2 pair of boots "Hero's Friend" {rN+ Regen+
                  | Int-5 Slay+3}
 14434 | Gauntlet | Found a transporter.
 14450 | Gauntlet | Found a transporter.
 14450 | Gauntlet | Found a transporter.
 14454 | Gauntlet | Found a transporter.
 14470 | Gauntlet | Identified the ring "Obypn" {rC+ rCorr Str+2}
 14507 | Gauntlet | Reached skill level 10 in Invocations
 14563 | Gauntlet | Identified the ring "Ilimox" {rPois rC+ MP+9}
 14709 | Gauntlet | Identified the +4 battleaxe of Zamogung {vorpal, Contam
                  | rPois rCorr Stlth+}
 15071 | Lair:4   | Found a staircase to the Shoals.
 16214 | Lair:5   | Acquired 1152 gold pieces
 16325 | Lair:5   | Slain by a five-headed hydra

Illustrated notes

Levels and vault maps discovered:
D:1:      sevenhm_arrival_forest_fort_small_3, layout_basic, serial_shops,
          shop_fountains, hellmonk_ecumenical_altar_watching_god
D:2:      layout_basic, uniq_terence
D:3:      layout_loops_corners, nicolae_sif_muna_condensation
D:4:      layout_gridville, marbit_many_paths, bloody_makhleb,
          yredelemnul_forgotten_temple_becter, minmay_temple_entry_hall,
          gammafunk_ghost_cemetery, uniq_menkaure
D:5:      wad_pebble_path, layout_loops_ring, lemuel_coloured_pillars_altar,
          okawaru_trees_1
D:6:      layout_cave_pods, doesnt_xom_only_xom, uniq_duvessa,
          uniq_blork_the_orc
D:7:      layout_loops_corners, serial_shops, nicolae_square_shop, uniq_joseph,
          uniq_crazy_yiuf_cottage
D:8:      layout_basic, kiku_gazebo_garden_becter,
          nemelex_xobeh_ov_fountains_minmay, mainiacjoe_overflow_boulevard,
          mainiacjoe_overflow_small_starburst, st_stairs_4, bh_walls_and_bars,
          uniq_prince_ribbit1, uniq_erica
D:9:      layout_long_grid, mainiacjoe_overflow_concentric_impassable,
          old_standard_altar, lair_entry_dummy
Lair:1:   layout_concentric_octagons, basic_altar, nicolae_quartered_pool_medium
Lair:2:   layout_regular_city, serial_forest, infiniplex_forest_join,
          infiniplex_forest_corner_2, infiniplex_forest_3_way,
          infiniplex_forest_lined_room_3, infiniplex_forest_straight_3,
          infiniplex_forest_clump_long, infiniplex_forest_lined_ring,
          infiniplex_forest_lined_room_2, infiniplex_forest_lined_ring,
          minmay_hedge_maze, serial_bayou_lagoon_a, gammafunk_lair_bear_cave
Lair:3:   layout_long_grid, guppyfry_snake_entry_garden,
          infiniplex_staircase_pool
Lair:4:   layout_long_grid, elwin_shoals_entry_stream, gauntlet_entry_generic
Lair:5:   pond_and_an_island_with_a_cottage, layout_loops_ring,
          dpeg_slime_entry_enclosed_altar

Skill      XL: |  1  2  3  4  5  6  7  8  9 10 11 12 13 |
---------------+----------------------------------------+-----
Short Blades   | 1 2 3 4 5 6 7 8 |  8.7
Long Blades    | 1 2 3 4 5 6 7 8 |  8.7
Maces & Flails | 1 2 3 4 5 6 7 8 |  8.7
Polearms       | 1 2 3 4 5 6 7 8 |  8.7
Staves         | 1 2 3 4 5 6 7 8 |  8.7
Slings         | 1 2 3 4 5 6 7 8 |  8.7
Bows           | 1 2 3 4 5 6 7 8 |  8.7
Crossbows      | 1 2 3 4 5 6 7 8 |  8.7
Throwing       | 1 2 3 4 5 6 7 8 |  8.7
Stealth        | 1 2 3 4 5 6 7 8 |  8.7
Shields        | 1 2 3 4 5 6 7 8 |  8.7
Unarmed Combat | 1 2 3 4 5 6 7 8 |  8.7
Spellcasting   | 1 2 3 4 5 6 7 8 |  8.7
Evocations     | 1 2 3 4 5 6 7 8 |  8.7
Dodging        | 3 4 5 6 7 8 9 |  9.1
Conjurations   | 1 2 3 4 5 6 7 |  7.2
Hexes          | 1 2 3 4 5 6 7 |  7.2
Summonings     | 1 2 3 4 5 6 7 |  7.2
Necromancy     | 1 2 3 4 5 6 7 |  7.2
Translocations | 1 2 3 4 5 6 7 |  7.2
Transmutations | 1 2 3 4 5 6 7 |  7.2
Fire Magic     | 1 2 3 4 5 6 7 |  7.2
Ice Magic      | 1 2 3 4 5 6 7 |  7.2
Air Magic      | 1 2 3 4 5 6 7 |  7.2
Earth Magic    | 1 2 3 4 5 6 7 |  7.2
Poison Magic   | 1 2 3 4 5 6 7 |  7.2
Invocations    | 5 6 7 8 9 10 | 10.5
Axes           | 5 6 7 8 9 |  9.9
Armour         | 5 6 7 8 9 |  9.9
Fighting       | 7 8 9 10 | 10.9

Action                   |  1- 3 |  4- 6 |  7- 9 | 10-12 | 13-15 || total
-------------------------+-------+-------+-------+-------+-------++-------
Melee: Long sword        |    58 |    41 |   169 |   575 |   267 ||  1110
       Bite              |     2 |     6 |    22 |    73 |    48 ||   151
       Kick              |       |    12 |    73 |   197 |    14 ||   296
       Hand axe          |       |    14 |    99 |       |       ||   113
       Punch             |       |       |     4 |       |       ||     4
       Scimitar          |       |       |       |       |     7 ||     7
Throw: Dart              |       |       |       |    10 |     3 ||    13
Invok: Depart the Abyss  |     1 |       |       |       |       ||     1
       Banish            |       |       |       |     7 |     4 ||    11
       Corrupt           |       |       |       |     1 |       ||     1
       Bend Space        |       |       |       |       |     2 ||     2
  Use: Scroll            |     2 |     3 |     4 |     9 |     7 ||    25
       Potion            |     1 |       |     2 |     1 |       ||     4
Armor: Leather armour    |    17 |       |       |       |       ||    17
       Scale mail        |     5 |       |       |       |       ||     5
       Chain mail        |       |    29 |   145 |   364 |   144 ||   682
Dodge: Dodged            |    48 |    26 |   121 |   399 |   124 ||   718
Block: Buckler           |       |       |     4 |   196 |    71 ||   271

Table legend: (Time is in decaauts)
 A = Elapsed time spent in this place.
 B = Non-inter-level travel time spent in this place.
 C = Inter-level travel time spent in this place.
 D = Time resting spent in this place.
 E = Time spent auto-exploring this place.
 F = Levels seen in this place.
 G = Mean time per level.
                   A        B        C        D        E       F      G
               +--------+--------+--------+--------+--------+-----+--------+
         Total |  16477 |  16014 |    463 |   1035 |  11197 |  17 |  969.2 |
       Dungeon |  10111 |   9751 |    360 |    152 |   7961 |   9 | 1123.4 |
          Lair |   5297 |   5194 |    103 |    717 |   2944 |   5 | 1059.4 |
         Abyss |     93 |     93 |      0 |      0 |     77 |   2 |   46.5 |
      Gauntlet |    974 |    974 |      0 |    166 |    215 |   1 |  974.0 |
               +--------+--------+--------+--------+--------+-----+--------+

Top non-repeatable levels by time:
  Lair:1: 1744 daAuts
     D:4: 1692 daAuts
     D:6: 1616 daAuts
     D:1: 1245 daAuts
  Lair:2: 1195 daAuts
     D:7: 1090 daAuts
     D:2: 1065 daAuts
  Lair:3: 1027 daAuts
Gauntlet: 974 daAuts
     D:5: 956 daAuts
     D:3: 919 daAuts
     D:8: 854 daAuts
  Lair:4: 800 daAuts
     D:9: 672 daAuts
  Lair:5: 529 daAuts
